 Dungeon Crawl Stone Soup version 0.28.0-45-g0d030f2227 (webtiles) character file.

Game seed: 10797279385129416389

436 Ablot the Cutter (level 7, -1/59 HPs)
             Began as a Gnoll Chaos Knight on Apr 13, 2022.
             Was a Plaything of Xom.
             Hit by a silver boomerang thrown by an orc (3 damage)
             ... on level 4 of the Dungeon.
             The game lasted 00:03:34 (2978 turns).

Ablot the Cutter (Gnoll Chaos Knight)               Turns: 2978, Time: 00:03:34

Health: -1/59      AC:  6    Str: 14    XL:     7   Next: 1%
Magic:  10/10      EV: 12    Int: 11    God:    Xom [....*.]
Gold:   88         SH:  0    Dex: 11    Spells: 10/10 levels left

rFire   . . .      SeeInvis .   a - +0 short sword (chaos)
rCold   . . .      Faith    .   (no shield)
rNeg    . . .      Spirit   .   b - +2 leather armour
rPois   .          Reflect  .   (no helmet)
rElec   .          Harm     .   c - +0 cloak
rCorr   .          Rampage  .   (no gloves)
Will    +....                   (no boots)
Stlth   ++........              (no amulet)
HPRegen 0.19/turn               d - ring of willpower
MPRegen 0.12/turn               (no ring)

@: no status effects
A: fangs 1, strong nose, distributed training
a: Renounce Religion


You were on level 4 of the Dungeon.
You worshipped Xom.
You were a beloved toy of Xom.
You visited 1 branch of the dungeon, and saw 4 of its levels.

You collected 88 gold pieces.

Inventory:

Hand Weapons
 a - a +0 short sword of chaos (weapon)
 o - the +3 dagger of Zodabiop {freeze, Fly Will- Int-3 Stlth+}
   (You found it on level 4 of the Dungeon)

   It freezes those it strikes, dealing additional cold damage.
   It can also slow down cold-blooded creatures.
   Int:       It affects your intelligence (-3).
   Fly:       It grants you flight.
   Will:      It decreases your willpower.
   Stlth:     It makes you more stealthy.
Missiles
 f - 6 datura-tipped darts
 j - 92 stones (quivered)
Armour
 b - a +2 leather armour (worn)
 c - a +0 cloak (worn)
Jewellery
 d - a ring of willpower (left hand)
Wands
 p - a wand of flame (20)
Scrolls
 e - a scroll of magic mapping {unknown}
 h - a scroll of holy word {unknown}
 i - a scroll of noise {unknown}
 k - a scroll of enchant armour {unknown}
 l - a scroll of identify {unknown}
 m - a scroll of teleportation {unknown}
 n - 2 scrolls of vulnerability {unknown}
Potions
 g - a potion of haste {unknown}
 q - a potion of flight {unknown}


   Skills:
 + Level 6.9 Fighting
 + Level 6.9 Short Blades
 + Level 2.2 Long Blades
 + Level 2.2 Axes
 + Level 2.2 Maces & Flails
 + Level 2.2 Polearms
 + Level 2.2 Staves
 + Level 2.2 Slings
 + Level 2.2 Bows
 + Level 2.2 Crossbows
 + Level 2.2 Throwing
 + Level 5.1 Armour
 + Level 3.4 Dodging
 + Level 2.2 Stealth
 + Level 2.2 Shields
 + Level 2.2 Unarmed Combat
 + Level 2.2 Spellcasting
 + Level 1.7 Conjurations
 + Level 1.7 Hexes
 + Level 1.7 Summonings
 + Level 1.7 Necromancy
 + Level 1.7 Translocations
 + Level 1.7 Transmutations
 + Level 1.7 Fire Magic
 + Level 1.7 Ice Magic
 + Level 1.7 Air Magic
 + Level 1.7 Earth Magic
 + Level 1.7 Poison Magic
 + Level 2.4 Invocations
 + Level 2.2 Evocations


You had 10 spell levels left.
You didn't know any spells.
Your spell library was empty.

Dungeon Overview and Level Annotations

Branches:
Dungeon (4/15)
 Temple: D:4-7

Altars:
Ashenzari
The Shining One


Innate Abilities, Weirdness & Mutations

You have very sharp teeth.
Your uncanny sense of smell can sniff out nearby items.
Your experience applies equally to all skills.


Message History

Something appears at your feet!
You see here a +0 whip.
Your Long Blades skill increases to level 2!
Your Axes skill increases to level 2!
Your Maces & Flails skill increases to level 2!
Your Polearms skill increases to level 2!
Your Staves skill increases to level 2!
Your Slings skill increases to level 2!
Your Bows skill increases to level 2!
Your Crossbows skill increases to level 2!
Your Throwing skill increases to level 2!
Your Armour skill increases to level 5!
Your Stealth skill increases to level 2!
Your Shields skill increases to level 2!
Your Unarmed Combat skill increases to level 2!
Your Spellcasting skill increases to level 2!
Your Evocations skill increases to level 2!
You have reached level 7!
Unknown command.
p - a wand of flame (20);
q - a bubbling emerald potion
Things that are here:
a +2 whip of freezing; a +0 robe; the kobold corpse of Pikel
Things that are here:
a +2 whip of freezing; a +0 robe; the kobold corpse of Pikel
There is a broken altar of Ashenzari here.
Magic restored.
There is an open door here.
You feel yourself speed up.
There is an open door here.
You recover from your berserk rage.
There is a stone staircase leading down here.
You climb downwards.
There is a stone staircase leading up here.
The orc hits you with a +0 rapier.
* * * LOW HITPOINT WARNING * * *
You closely miss the orc. Your bite misses the orc.
The orc hits you with a +0 rapier!
* * * LOW HITPOINT WARNING * * *
Xom thinks this is hilarious!
The orc throws a silver boomerang.
The silver boomerang hits you.
You die... "It was about time."

#$#######.#######.#
#.......).)†......#
#######..#####)####
######.÷# #.#
.....<..#
#.########
#######.#
#......... .#
#.#####..###### #.#
##.##.......# .#.#
#@..........# #.#.#
#<.##.......#
#.#.##..o........#
#.#.#.##........#
#.#..##........#
#...##........#
##..##5...##### ∆
##.##K...###
#...o.....#∆


You could see an orc.

Vanquished Creatures
  Pikel (D:3)
  A black bear (D:4)
  An ogre (D:4)
  2 gnolls
  3 adders
  A worm (D:2)
  2 dart slugs
  2 orcs
  4 endoplasms
  3 giant cockroaches
  4 goblins
  5 hobgoblins
  3 jackals (D:2)
  3 quokkas
  7 ball pythons
  5 bats
  7 frilled lizards
  5 kobolds
  4 rats
63 creatures vanquished.

Vanquished Creatures (others)
  A fungus (D:1)
  A withered plant (D:1)
2 creatures vanquished.

Grand Total: 65 creatures vanquished

Notes
Turn   | Place    | Note
-------+----------+-------------------------------------------
     0 | D:1      | Ablot the Gnoll Chaos Knight began the quest for the Orb.
     0 | D:1      | Reached XP level 1. HP: 23/23 MP: 1/1
    13 | D:1      | XOM: silly message
   104 | D:1      | Found a faded altar of an unknown god.
   203 | D:1      | Reached XP level 2. HP: 23/29 MP: 2/2
   261 | D:1      | XOM: noise
   482 | D:1      | XOM: divination: magic mapping
   484 | D:1      | XOM: silly message
   632 | D:1      | Reached XP level 3. HP: 35/35 MP: 3/3
   901 | D:2      | Reached skill level 1 in Invocations
  1133 | D:2      | XOM: divination: detect items
  1160 | D:2      | Reached skill level 1 in Long Blades
  1160 | D:2      | Reached skill level 1 in Axes
  1160 | D:2      | Reached skill level 1 in Maces & Flails
  1160 | D:2      | Reached skill level 1 in Polearms
  1160 | D:2      | Reached skill level 1 in Staves
  1160 | D:2      | Reached skill level 1 in Slings
  1160 | D:2      | Reached skill level 1 in Bows
  1160 | D:2      | Reached skill level 1 in Crossbows
  1160 | D:2      | Reached skill level 1 in Throwing
  1160 | D:2      | Reached skill level 1 in Stealth
  1160 | D:2      | Reached skill level 1 in Shields
  1160 | D:2      | Reached skill level 1 in Unarmed Combat
  1160 | D:2      | Reached skill level 1 in Spellcasting
  1160 | D:2      | Reached skill level 1 in Evocations
  1321 | D:2      | Reached XP level 4. HP: 34/41 MP: 5/5
  1611 | D:2      | XOM: divination: detect creatures
  1692 | D:2      | Found a broken altar of Ashenzari.
  1997 | D:3      | Found a glowing golden altar of the Shining One.
  2340 | D:3      | Found a broken altar of Ashenzari.
  2348 | D:3      | XOM: silly message
  2407 | D:3      | XOM: divination: detect items
  2412 | D:3      | Reached skill level 1 in Conjurations
  2412 | D:3      | Reached skill level 1 in Hexes
  2412 | D:3      | Reached skill level 1 in Summonings
  2412 | D:3      | Reached skill level 1 in Necromancy
  2412 | D:3      | Reached skill level 1 in Translocations
  2412 | D:3      | Reached skill level 1 in Transmutations
  2412 | D:3      | Reached skill level 1 in Fire Magic
  2412 | D:3      | Reached skill level 1 in Ice Magic
  2412 | D:3      | Reached skill level 1 in Air Magic
  2412 | D:3      | Reached skill level 1 in Earth Magic
  2412 | D:3      | Reached skill level 1 in Poison Magic
  2635 | D:4      | Identified the +3 dagger of Zodabiop {freeze, Fly Will-
                  | Int-3 Stlth+}
  2646 | D:4      | Noticed a black bear
  2647 | D:4      | XOM: divination: detect creatures
  2664 | D:4      | Killed a black bear
  2665 | D:4      | Reached XP level 5. HP: 21/47 MP: 5/7
  2802 | D:4      | XOM: divination: detect creatures
  2835 | D:4      | Noticed an ogre
  2845 | D:4      | Killed an ogre
  2846 | D:4      | Reached XP level 6. HP: 53/53 MP: 8/8
  2880 | D:4      | Noticed Pikel
  2883 | D:4      | XOM: fog
  2904 | D:4      | XOM: scenery: summon butterflies
  2911 | D:4      | XOM: potion effect (berserk rage)
  2926 | D:3      | XOM: divine lightning
  2928 | D:3      | HP: 2/53 [Pikel/+2 whip of freezing (7)]
  2935 | D:3      | Killed Pikel
  2935 | D:3      | XOM: god gift: whip {god gift}
  2936 | D:3      | Reached skill level 5 in Armour
  2936 | D:3      | Reached XP level 7. HP: 5/59 MP: 8/10
  2977 | D:4      | HP: 2/59 [orc/+0 rapier (7)]
  2978 | D:4      | Hit by a silver boomerang thrown by an orc

Illustrated notes

Levels and vault maps discovered:
D:1:      dpeg_arrival_pits, layout_loops_cross, shapermc_ecumenical_altar_gd
D:2:      layout_loops_ring, basic_altar, kennysheep_generic_room_12
D:3:      layout_basic, tso_metal_star, cheibrodos_ashenzari_chains,
          kennysheep_generic_room_16
D:4:      minmay_inner_zag, layout_loops_ring, grunt_ministairs_2,
          chequers_garden, uniq_eustachio, uniq_natasha, uniq_pikel

Skill      XL: |  1  2  3  4  5  6 |
---------------+-------------------+-----
Invocations    | 1 2 |  2.4
Long Blades    | 1 2 |  2.2
Axes           | 1 2 |  2.2
Maces & Flails | 1 2 |  2.2
Polearms       | 1 2 |  2.2
Staves         | 1 2 |  2.2
Slings         | 1 2 |  2.2
Bows           | 1 2 |  2.2
Crossbows      | 1 2 |  2.2
Throwing       | 1 2 |  2.2
Stealth        | 1 2 |  2.2
Shields        | 1 2 |  2.2
Unarmed Combat | 1 2 |  2.2
Spellcasting   | 1 2 |  2.2
Evocations     | 1 2 |  2.2
Conjurations   | 1 |  1.7
Hexes          | 1 |  1.7
Summonings     | 1 |  1.7
Necromancy     | 1 |  1.7
Translocations | 1 |  1.7
Transmutations | 1 |  1.7
Fire Magic     | 1 |  1.7
Ice Magic      | 1 |  1.7
Air Magic      | 1 |  1.7
Earth Magic    | 1 |  1.7
Poison Magic   | 1 |  1.7
Dodging        | 3 |  3.4
Armour         | 5 |  5.1
Fighting       | |  6.9
Short Blades   | |  6.9

Action                   |  1- 3 |  4- 6 |  7- 9 || total
-------------------------+-------+-------+-------++-------
Melee: Short sword       |   116 |   103 |     1 ||   220
       Bite              |    14 |    12 |       ||    26
       Punch             |     4 |     1 |       ||     5
Throw: Stone             |       |     7 |       ||     7
       Dart              |       |     3 |       ||     3
 Stab: Sleeping          |       |     2 |       ||     2
       Confused          |       |     1 |       ||     1
       Petrifying        |       |     1 |       ||     1
Armor: Leather armour    |    29 |    25 |       ||    54
Dodge: Dodged            |    66 |    52 |       ||   118
